 Dungeon Crawl Stone Soup version 0.20.1-1-g8b1a95d (webtiles) character file.

393 kaze the Chopper (level 6, 0/51 HPs)
             Began as a Barachi Berserker on Sept 17, 2017.
             Was a Believer of Trog.
             Succumbed to a scorpion's poison
             ... on level 4 of the Dungeon.
             The game lasted 00:05:44 (2448 turns).

kaze the Chopper (Barachi Berserker)                Turns: 2448, Time: 00:05:45

Health: 0/51       AC: 10    Str: 24    XL:     6   Next: 81%
Magic:  0/6        EV: 11    Int:  8    God:    Trog [**....]
Gold:   176        SH:  0    Dex: 11    Spells: 5/5 levels left

rFire    . . .     SeeInvis .   a - +0 hand axe
rCold    . . .     Gourm    .   (no shield)
rNeg     . . .     Faith    .   s - +0 scale mail
rPois    .         Spirit   +   j - +0 helmet
rElec    .         Reflect  .   (no cloak)
rCorr    .         Harm     .   n - +1 pair of gloves
MR       ++...                  (no boots)
Stlth    ..........             e - amulet of guardian spirit
Regen    1.2/turn               l - +4 ring of strength
MPRegen  0.1/turn               m - ring of flight

@: lethally poisoned (0 -> -1), berserk cooldown, regenerating, slow
A: +LOS, swims, slowness 1, strong legs 1
a: Hop, Berserk, Trog's Hand, Burn Spellbooks, Renounce Religion, Evoke Flight


You were on level 4 of the Dungeon.
You worshipped Trog.
Trog was pleased with you.
You were not hungry.

You visited 1 branch of the dungeon, and saw 4 of its levels.

You collected 176 gold pieces.

Inventory:

Hand Weapons
 a - a +0 hand axe (weapon)
Armour
 j - a +0 helmet (worn)
 n - a +1 pair of gloves (worn)
 s - a +0 scale mail (worn)
Jewellery
 e - an amulet of guardian spirit (around neck)
 l - a +4 ring of strength (left hand)
 m - a ring of flight (right hand)
Scrolls
 f - a scroll of identify
 h - 2 scrolls of magic mapping {unknown}
 i - a scroll of fog {unknown}
 t - a scroll of teleportation {unknown}
 u - a scroll of remove curse
Potions
 b - a potion of cancellation
 d - a potion of berserk rage {unknown}
 g - 2 potions of haste {unknown}
 o - a potion of heal wounds {unknown}
 q - a potion of ambrosia {unknown}
 r - 3 potions of curing {unknown}
Comestibles
 k - a meat ration
 p - 2 royal jellies


   Skills:
 + Level 5.1 Fighting
 + Level 6.1 Axes
 + Level 3.9 Armour
 + Level 3.3 Dodging
 + Level 0.6 Stealth


You had 5 spell levels left.
You didn't know any spells.

Dungeon Overview and Level Annotations

Branches:
Dungeon (4/15)             Temple (0/1) D:4

Altars:
Ashenzari
Zin


Innate Abilities, Weirdness & Mutations

Shadows flee at your approach. (+LOS)
You can swim through water.
You cover ground slowly.
You can hop short distances.


Message History

You hit the scorpion.
The scorpion is moderately wounded.
* * * LOW HITPOINT WARNING * * *
You feel very sick. The scorpion misses you.
The scorpion stings you but does no damage.
You barely miss the scorpion.
The scorpion is moderately wounded.
* * * LOW HITPOINT WARNING * * *
You feel sick. The scorpion stings you.
* * * LOW HITPOINT WARNING * * *
Your skin crawls.
You feel resistant to hostile enchantments.
You feel somewhat more hungry.
You feel sick. The scorpion barely misses you. The scorpion stings you.
* * * LOW HITPOINT WARNING * * *
You barely miss the scorpion.
The scorpion is lightly wounded.
You feel yourself speed up.
You die...

.. ### #.### ...#
...################
.......^..........
..#######.########
#o# #.### #s# #...#
#@## #...# #).#
#...# ####..##
#.### #.#.#<.....#
#.# ...........##
#.# ###.#####...#
#.# ..
#.#.####.#### #
#.#.##......# #
#....+......#


You could see a scorpion and an orc.

Vanquished Creatures
  The ghost of Nachka the Ducker, an amateur FeBe of Trog (D:4)
  A howler monkey (D:4)
  3 orc priests
  3 orc wizards (D:4)
  4 adders
  An ooze (D:1)
  An adder skeleton (D:2)
  2 worms
  6 dart slugs
  A leopard gecko (D:1)
  6 orcs
  4 bats
  A bat skeleton (D:2)
  2 bat zombies (D:2)
  2 giant cockroaches
  3 goblins
  3 hobgoblins (D:1)
  A quokka (D:4)
  5 frilled lizards
  A giant cockroach zombie (D:2)
  A jackal skeleton (D:2)
  A jackal zombie (D:2)
  5 kobolds
  A leopard gecko skeleton (D:4)
  A quokka zombie (D:2)
  9 rats
69 creatures vanquished.

Vanquished Creatures (others)
  A bat (D:1)
1 creature vanquished.

Grand Total: 70 creatures vanquished

Notes
Turn   | Place    | Note
-------+----------+-------------------------------------------
     0 | D:1      | kaze the Barachi Berserker began the quest for the Orb.
     0 | D:1      | Reached XP level 1. HP: 18/18 MP: 1/1
    68 | D:1      | Reached XP level 2. HP: 10/25 MP: 2/2
   696 | D:1      | Reached XP level 3. HP: 15/30 MP: 3/3
   711 | D:1      | Reached skill level 4 in Axes
  1097 | D:2      | Reached ** piety under Trog
  1317 | D:2      | Reached XP level 4. HP: 18/37 MP: 4/4
  1552 | D:2      | Found a shattered altar of Ashenzari.
  1759 | D:3      | Reached XP level 5. HP: 31/43 MP: 5/5
  1932 | D:3      | Reached skill level 5 in Axes
  1962 | D:3      | Found a glowing silver altar of Zin.
  2158 | D:4      | Found a staircase to the Ecumenical Temple.
  2160 | D:4      | Noticed Nachka's ghost (amateur FeBe)
  2193 | D:4      | Killed Nachka's ghost
  2387 | D:4      | Reached XP level 6. HP: 35/50 MP: 6/6
  2398 | D:4      | Reached skill level 5 in Fighting
  2438 | D:4      | Reached skill level 6 in Axes
  2447 | D:4      | HP: 1/51 [scorpion (5)]
  2448 | D:4      | Succumbed to a scorpion's poison

Skill      XL: |  1  2  3  4  5  6 |
---------------+-------------------+-----
Fighting       | 4 5 |  5.1
Axes           | 4 5 6 |  6.1
Armour         | 3 |  3.9
Dodging        | 3 |  3.3
Stealth        | |  0.6

Action                   |  1- 3 |  4- 6 || total
-------------------------+-------+-------++-------
Melee: Hand axe          |    83 |   155 ||   238
Invok: Trog's Hand       |       |     4 ||     4
       Berserk           |       |     3 ||     3
  Use: Scroll            |       |     4 ||     4
  Eat: Chunk             |     1 |     5 ||     6
       Bread ration      |       |     1 ||     1
Armor: Animal skin       |    29 |       ||    29
       Scale mail        |       |    66 ||    66
Dodge: Dodged            |    63 |    77 ||   140
